Rafales vs Gangsters
Created - November 23, 2019 at 22:41
Goals
|
| Rafales |
0 |
2 |
0 |
2 |
| Gangsters |
0 |
1 |
2 |
3 |
|
Shots
|
| Rafales |
6 |
13 |
5 |
24 |
| Gangsters |
11 |
20 |
16 |
47 |
|
1st period
No Goal
Penalties :
No Penalty
2nd period
1. Gangsters , Stefan Noesen 4 (Brett Ponich 9, Seth Griffith 5) at 2:52
2. Rafales , Cedric Paquette 4 (Tim Crowder 6, Dylan McIlrath 6) at 14:42
3. Rafales , Kevin Veilleux 7 (Julian Melchiori 5, Dylan McIlrath 7) at 19:42
Penalties :
Seth Griffith (Bro) for Hooking (Minor) at 0:22, Dylan McIlrath (Stf) for Tripping (Minor) at 17:06
3rd period
4. Gangsters , Kevin Roy 7 (Matt Delahey 7, Devante Smith-Pelly 10) at 1:30
5. Gangsters , David Pope 2 (Kevin Roy 5, Ryan Culkin 1) at 7:30
Penalties :
Brett Ponich (Bro) for Tripping (Minor) at 4:15, Kevin Roy (Bro) for Roughing (Minor) at 8:06, Maksim Mayorov (Stf) for Roughing (Double Minor) at 10:44, Nathan Davis (Stf) for Hooking (Minor) at 17:15
Goalie Stats
Leland Irving (Stf), 44 saves from 47 shots - (0.936), L, 2-3-0, 60:00 minutes
Dustin Tokarski (Bro), 22 saves from 24 shots - (0.917), W, 5-6-0, 60:00 minutes
Players Stats for Rafales
Player Name G A P +/- PIM S H SB GA TA FO MP PP MP PK MP
------------------------------------------------------------------------------------
Akim Aliu 0 0 0 -1 0 0 0 0 0 0 0/0 6:57 0:00 0:00
Andrew Shaw 0 0 0 -1 0 9 0 1 0 1 4/5 22:44 3:50 3:45
Ben Johnson 0 0 0 0 0 0 0 0 0 0 0/0 0:00 0:00 0:00
Ben Sexton 0 0 0 0 0 0 0 0 0 0 0/0 1:14 0:00 1:13
Ben Thomson 0 0 0 -1 0 0 1 0 1 0 0/0 7:46 0:00 0:49
Brad Ross 0 0 0 0 0 0 0 0 0 0 1/1 2:38 0:00 2:33
Brian Ferlin 0 0 0 1 0 2 3 2 0 0 0/0 16:42 2:07 2:11
Bruno Gervais 0 0 0 -1 0 2 1 2 0 1 0/0 26:28 3:11 4:19
Carl Klingberg 0 0 0 -1 0 3 3 1 1 0 0/2 22:18 3:50 3:58
Cedric Paquette 1 0 1 0 0 1 1 0 0 0 1/5 11:39 0:00 0:04
Chris Terry 0 0 0 1 0 0 0 0 0 0 0/0 14:26 2:07 0:00
Connor Murphy 0 0 0 -1 0 1 0 1 0 0 0/0 26:28 3:11 4:19
David Broll 0 0 0 0 0 0 0 0 0 0 0/0 0:00 0:00 0:00
Dylan McIlrath 0 2 2 1 2 0 2 0 0 1 0/0 19:33 2:46 2:10
Jayson Megna 0 0 0 -1 0 0 0 0 0 0 1/1 6:57 0:00 0:00
Joey Laleggia 0 0 0 -1 0 0 1 2 0 0 0/0 13:11 0:00 0:41
Julian Melchiori 0 1 1 1 0 0 0 0 0 1 0/0 20:21 2:46 2:57
Kevin Veilleux 1 0 1 1 0 1 0 0 0 1 4/9 14:26 2:07 0:00
Maksim Mayorov 0 0 0 0 4 1 0 0 0 0 0/0 11:35 0:00 0:00
Nathan Davis 0 0 0 -1 2 4 2 0 0 1 18/31 20:24 3:50 1:21
Ryan Bourque 0 0 0 0 0 0 0 0 0 0 0/0 0:40 0:00 0:00
Slater Koekkoek 0 0 0 -1 0 0 1 2 0 1 0/0 13:58 0:00 1:28
Tim Crowder 0 1 1 0 0 0 0 1 1 0 0/0 11:35 0:00 0:00
Tyrell Goulbourne 0 0 0 0 0 0 0 0 0 0 0/0 0:00 0:00 0:00
Players Stats for Gangsters
Player Name G A P +/- PIM S H SB GA TA FO MP PP MP PK MP
------------------------------------------------------------------------------------
Adam Lowry 0 0 0 0 0 0 0 0 0 0 4/6 8:25 0:09 0:00
Brett Ponich 0 1 1 2 2 2 3 2 1 0 0/0 26:01 3:26 2:21
Dave Dziurzynski 0 0 0 1 0 4 3 1 1 0 0/1 21:38 3:19 1:24
David Pope 1 0 1 1 0 3 1 0 0 0 1/2 15:46 3:20 0:00
Derrick Pouliot 0 0 0 0 0 3 1 0 0 0 0/0 12:52 0:39 0:00
Devante Smith-Pelly 0 1 1 1 0 3 4 1 1 0 0/0 19:03 3:20 3:17
Jake Marchment 0 0 0 -1 0 0 0 0 0 0 2/3 8:10 0:00 0:00
Jonas Brodin 0 0 0 -1 0 1 0 1 0 0 0/0 20:12 3:52 2:23
Kevin Roy 1 1 2 1 2 2 3 0 0 0 1/3 16:25 3:12 0:09
Matt Delahey 0 1 1 2 0 4 2 2 0 1 0/0 26:56 3:26 3:34
Morgan Ellis 0 0 0 -1 0 3 1 0 0 0 0/0 20:12 3:52 2:23
Phillip Danault 0 0 0 0 0 2 3 1 0 0 0/0 11:31 1:15 0:58
Richard Panik 0 0 0 0 0 10 4 0 4 0 0/8 22:45 3:37 3:23
Ryan Culkin 0 1 1 0 0 0 1 0 0 1 0/0 14:05 0:39 1:13
Samuel Blais 0 0 0 -1 0 2 0 0 0 0 0/0 9:35 0:11 1:14
Sebastian Collberg 0 0 0 -1 0 3 0 0 0 0 0/0 9:04 0:54 0:00
Seth Griffith 0 1 1 1 2 2 2 0 0 1 17/31 19:41 3:45 0:05
Stefan Noesen 1 0 1 1 0 3 3 0 0 0 0/0 11:39 0:49 1:24
3 Stars
1 - Kevin Roy (Bro)
2 - Stefan Noesen (Bro)
3 - Leland Irving (Stf)
Power Play
Rafales - 0 on 3 Attempt(s) - 0.00%
Gangsters - 0 on 4 Attempt(s) - 0.00%
Penalty Kill
Rafales - 4 on 4 Attempt(s) - 100.00%
- Score 0 goal in Penalty Kill
Gangsters - 3 on 3 Attempt(s) - 100.00%
- Score 0 goal in Penalty Kill
Team Stat
Rafales - Hits : 15 - Faceoff Wins : 29 - Blocked Shots : 12 - Penalty Minutes : 8
Gangsters - Hits : 31 - Faceoff Wins : 25 - Blocked Shots : 8 - Penalty Minutes : 6
Official
Referees : Unknown
Linesman : Unknown
Game Notes
No Game Note
Finance
Level 1 -- Attendance: 1445 (72.25%) -- Ticket Income $57,800
Level 2 -- Attendance: 758 (75.80%) -- Ticket Income $15,160
Total Attendance: 2203 (73.43%)
Total Ticket Income: $72,960
Other Income: $3,648
Total Income: $76,608
Rafales
5 vs 5 Forward
Center Left Wing Right Wing Time % Phy DF OF
1 Nathan Davis Carl Klingberg Andrew Shaw 40 1 2 2
2 Kevin Veilleux Chris Terry Brian Ferlin 30 1 2 2
3 Cedric Paquette Maksim Mayorov Tim Crowder 20 1 2 2
4 Jayson Megna Ben Thomson Akim Aliu 10 1 2 2
5 vs 5 Defense
Defense Defense Time % Phy DF OF
1 Bruno Gervais Connor Murphy 40 1 2 2
2 Julian Melchiori Dylan McIlrath 30 1 2 2
3 Joey Laleggia Slater Koekkoek 20 1 2 2
4 Bruno Gervais Connor Murphy 10 1 2 2
PowerPlay Forward
Center Left Wing Right Wing Time % Phy DF OF
1 Nathan Davis Carl Klingberg Andrew Shaw 60 1 2 2
2 Kevin Veilleux Chris Terry Brian Ferlin 40 1 2 2
PowerPlay Defense
Defense Defense Time % Phy DF OF
1 Bruno Gervais Connor Murphy 60 1 2 2
2 Julian Melchiori Dylan McIlrath 40 1 2 2
Penalty Kill 4 Players Forward
Center Wing Time % Phy DF OF
1 Andrew Shaw Carl Klingberg 60 1 2 2
2 Brian Ferlin Nathan Davis 40 1 2 2
Penalty Kill 4 Players Defense
Defense Defense Time % Phy DF OF
1 Bruno Gervais Connor Murphy 60 1 2 2
2 Julian Melchiori Dylan McIlrath 40 1 2 2
Penalty Kill - 3 Players Forward
Forward Time % Phy DF OF
1 Andrew Shaw 60 1 2 2
2 Carl Klingberg 40 1 2 2
Penalty Kill - 3 Players Defense
Defense Defense Time % Phy DF OF
1 Bruno Gervais Connor Murphy 60 1 2 2
2 Julian Melchiori Dylan McIlrath 40 1 2 2
4 vs 4 Forward
Center Wing Time % Phy DF OF
1 Andrew Shaw Carl Klingberg 60 1 2 2
2 Brian Ferlin Nathan Davis 40 1 2 2
4 vs 4 Defense
Defense Defense Time % Phy DF OF
1 Bruno Gervais Connor Murphy 60 1 2 2
2 Julian Melchiori Dylan McIlrath 40 1 2 2
Last Minutes Offensive
Center Left Wing Right Wing Defense Defense
Nathan Davis Carl Klingberg Andrew Shaw Bruno Gervais Connor Murphy
Last Minutes Defensive
Center Left Wing Right Wing Defense Defense
Nathan Davis Carl Klingberg Andrew Shaw Bruno Gervais Connor Murphy
Goaltenders
Starting : Leland Irving
Backup : Chris Driedger
Extra Forwards
Normal : Ryan Bourque, Tyrell Goulbourne, Brad Ross - PP : Ryan Bourque, Tyrell Goulbourne - PK : Brad Ross
Extra Defensemen
Normal : Joey Laleggia, Slater Koekkoek, Julian Melchiori - PP : Joey Laleggia - PK : Slater Koekkoek, Julian Melchiori
Penalty Shots
Andrew Shaw, Carl Klingberg, Brian Ferlin, Nathan Davis, Tim Crowder
Scratches
James Marcou (Torso Injury), Sean Maguire (Healthy)
Gangsters
5 vs 5 Forward
Center Left Wing Right Wing Time % Phy DF OF
1 Seth Griffith Dave Dziurzynski Richard Panik 40 1 2 2
2 Kevin Roy David Pope Devante Smith-Pelly 30 1 2 2
3 Adam Lowry Phillip Danault Stefan Noesen 20 1 2 2
4 Jake Marchment Samuel Blais Sebastian Collberg 10 1 2 2
5 vs 5 Defense
Defense Defense Time % Phy DF OF
1 Matt Delahey Brett Ponich 40 1 2 2
2 Morgan Ellis Jonas Brodin 30 1 2 2
3 Derrick Pouliot Ryan Culkin 20 1 2 2
4 Matt Delahey Brett Ponich 10 1 2 2
PowerPlay Forward
Center Left Wing Right Wing Time % Phy DF OF
1 Seth Griffith Dave Dziurzynski Richard Panik 60 1 2 2
2 Kevin Roy David Pope Devante Smith-Pelly 40 1 2 2
PowerPlay Defense
Defense Defense Time % Phy DF OF
1 Matt Delahey Brett Ponich 60 1 2 2
2 Morgan Ellis Jonas Brodin 40 1 2 2
Penalty Kill 4 Players Forward
Center Wing Time % Phy DF OF
1 Richard Panik Devante Smith-Pelly 60 1 2 2
2 Dave Dziurzynski Stefan Noesen 40 1 2 2
Penalty Kill 4 Players Defense
Defense Defense Time % Phy DF OF
1 Matt Delahey Brett Ponich 60 1 2 2
2 Morgan Ellis Jonas Brodin 40 1 2 2
Penalty Kill - 3 Players Forward
Forward Time % Phy DF OF
1 Richard Panik 60 1 2 2
2 Devante Smith-Pelly 40 1 2 2
Penalty Kill - 3 Players Defense
Defense Defense Time % Phy DF OF
1 Matt Delahey Brett Ponich 60 1 2 2
2 Morgan Ellis Jonas Brodin 40 1 2 2
4 vs 4 Forward
Center Wing Time % Phy DF OF
1 Richard Panik Devante Smith-Pelly 60 1 2 2
2 Dave Dziurzynski Stefan Noesen 40 1 2 2
4 vs 4 Defense
Defense Defense Time % Phy DF OF
1 Matt Delahey Brett Ponich 60 1 2 2
2 Morgan Ellis Jonas Brodin 40 1 2 2
Last Minutes Offensive
Center Left Wing Right Wing Defense Defense
Seth Griffith Dave Dziurzynski Richard Panik Matt Delahey Brett Ponich
Last Minutes Defensive
Center Left Wing Right Wing Defense Defense
Seth Griffith Dave Dziurzynski Richard Panik Matt Delahey Brett Ponich
Goaltenders
Starting : Dustin Tokarski
Backup : Jordan Binnington
Extra Forwards
Normal : Phillip Danault, Sebastian Collberg, Samuel Blais - PP : Phillip Danault, Sebastian Collberg - PK : Samuel Blais
Extra Defensemen
Normal : Derrick Pouliot, Ryan Culkin, Morgan Ellis - PP : Derrick Pouliot - PK : Ryan Culkin, Morgan Ellis
Penalty Shots
Richard Panik, Devante Smith-Pelly, Dave Dziurzynski, Stefan Noesen, Seth Griffith
Scratches
Jordan Subban (Healthy), Steven Santini (Healthy), Joshua Jacobs (Healthy), Jacob Middleton (Healthy), Julius Vahatalo (Healthy)
Connor Chatam (Healthy), Hugo Fagerblom (Healthy)
% Time on Ice - Rafales
Lines # - Real PCT - Wanted PCT - Time Play
Normal Forward
1 - 32% - 40% - 14:30
2 - 27% - 30% - 12:24
3 - 25% - 20% - 11:35
4 - 15% - 10% - 6:57
Normal Defense
1 - 35% - 40% - 16:01
2 - 32% - 30% - 14:39
3 - 26% - 20% - 11:49
4 - 6% - 10% - 2:57
PP Forward
1 - 64% - 60% - 3:50
2 - 36% - 40% - 2:07
PP Defense
1 - 54% - 60% - 3:11
2 - 46% - 40% - 2:46
PK Forward
1 - 73% - 60% - 5:46
2 - 27% - 40% - 2:11
PK Defense
1 - 54% - 60% - 4:19
2 - 46% - 40% - 3:38
PK3 Forward
1 - 0% - 60%
2 - 0% - 40%
PK3 Defense
1 - 0% - 60%
2 - 0% - 40%
44 Forward
1 - 0% - 60%
2 - 0% - 40%
44 Defense
1 - 0% - 60%
2 - 0% - 40%
Last Minute Offensive - 0:40
Last Minute Defensive - 0:00
Total
Forward - 60:00
Defense - 60:00
|
% Time on Ice - Gangsters
Lines # - Real PCT - Wanted PCT - Time Play
Normal Forward
1 - 34% - 40% - 15:21
2 - 30% - 30% - 13:36
3 - 18% - 20% - 8:16
4 - 18% - 10% - 8:10
Normal Defense
1 - 37% - 40% - 16:41
2 - 31% - 30% - 13:57
3 - 26% - 20% - 11:40
4 - 7% - 10% - 3:05
PP Forward
1 - 55% - 60% - 4:20
2 - 45% - 40% - 3:37
PP Defense
1 - 51% - 60% - 4:05
2 - 49% - 40% - 3:52
PK Forward
1 - 76% - 60% - 4:33
2 - 24% - 40% - 1:24
PK Defense
1 - 60% - 60% - 3:34
2 - 40% - 40% - 2:23
PK3 Forward
1 - 0% - 60%
2 - 0% - 40%
PK3 Defense
1 - 0% - 60%
2 - 0% - 40%
44 Forward
1 - 0% - 60%
2 - 0% - 40%
44 Defense
1 - 0% - 60%
2 - 0% - 40%
Last Minute Offensive - 0:00
Last Minute Defensive - 0:43
Total
Forward - 60:00
Defense - 60:00
|
Play-by-Play
1st period
0:01 of 1st period - Seth Griffith wins face-off versus Nathan Davis in neutral zone.
0:26 of 1st period - Chris Terry is hit by Kevin Roy and loses puck.
0:33 of 1st period - Wrist shot by Devante Smith-Pelly.
0:33 of 1st period - Shot Misses the Net.
0:35 of 1st period - Snap shot by Devante Smith-Pelly.
0:35 of 1st period - Shot Misses the Net.
1:11 of 1st period - Slapshot by Jonas Brodin.
1:11 of 1st period - Shot Blocked by Brian Ferlin.
1:13 of 1st period - Snap shot by Morgan Ellis.
1:13 of 1st period - Deflect By Phillip Danault.
1:13 of 1st period - Stopped by Leland Irving without a rebound.
1:14 of 1st period - Adam Lowry wins face-off versus Cedric Paquette in Rafales zone.
1:15 of 1st period - Snap shot by Stefan Noesen.
1:15 of 1st period - Shot Misses the Net.
1:17 of 1st period - Snap shot by Derrick Pouliot.
1:17 of 1st period - Stopped by Leland Irving without a rebound.
1:18 of 1st period - Adam Lowry wins face-off versus Cedric Paquette in Rafales zone.
2:23 of 1st period - Joey Laleggia is hit by Brett Ponich and loses puck.
3:22 of 1st period - Slapshot by Sebastian Collberg.
3:22 of 1st period - Shot Misses the Net.
4:11 of 1st period - Off-side.
4:12 of 1st period - Nathan Davis wins face-off versus Seth Griffith in neutral zone.
4:59 of 1st period - Wrist shot by Devante Smith-Pelly.
4:59 of 1st period - Shot Misses the Net.
5:07 of 1st period - Joey Laleggia is hit by Devante Smith-Pelly and loses puck.
5:40 of 1st period - Brett Ponich is hit by Joey Laleggia and loses puck.
6:51 of 1st period - Slapshot by Richard Panik.
6:51 of 1st period - Stopped by Leland Irving without a rebound.
6:52 of 1st period - Seth Griffith wins face-off versus Nathan Davis in Rafales zone.
6:59 of 1st period - Slapshot by Richard Panik.
6:59 of 1st period - Shot Blocked by Andrew Shaw.
7:58 of 1st period - Icing by Connor Murphy.
7:59 of 1st period - Jake Marchment wins face-off versus Nathan Davis in Rafales zone.
8:13 of 1st period - Off-side.
8:14 of 1st period - Seth Griffith wins face-off versus Kevin Veilleux in neutral zone.
8:39 of 1st period - Julian Melchiori is hit by Devante Smith-Pelly and loses puck.
9:05 of 1st period - Snap shot by Stefan Noesen.
9:05 of 1st period - Stopped by Leland Irving with a rebound.
9:07 of 1st period - Wrist shot by Morgan Ellis.
9:07 of 1st period - Stopped by Leland Irving without a rebound.
9:08 of 1st period - Nathan Davis wins face-off versus Seth Griffith in Rafales zone.
9:17 of 1st period - Wrist shot by Richard Panik.
9:17 of 1st period - Shot Blocked by Bruno Gervais.
9:21 of 1st period - Slapshot by Dave Dziurzynski.
9:21 of 1st period - Stopped by Leland Irving without a rebound.
9:22 of 1st period - Seth Griffith wins face-off versus Nathan Davis in Rafales zone.
9:31 of 1st period - Snap shot by Richard Panik.
9:31 of 1st period - Shot Misses the Net.
9:33 of 1st period - Wrist shot by Seth Griffith.
9:33 of 1st period - Stopped by Leland Irving with a rebound.
9:35 of 1st period - Slapshot by Matt Delahey.
9:35 of 1st period - Stopped by Leland Irving without a rebound.
9:36 of 1st period - David Pope wins face-off versus Kevin Veilleux in Rafales zone.
10:03 of 1st period - Connor Murphy is hit by Matt Delahey and loses puck.
10:10 of 1st period - Snap shot by Richard Panik.
10:10 of 1st period - Stopped by Leland Irving with a rebound.
10:55 of 1st period - Slapshot by Stefan Noesen.
10:55 of 1st period - Shot Misses the Net.
11:52 of 1st period - Slapshot by Brian Ferlin.
11:52 of 1st period - Stopped by Dustin Tokarski with a rebound.
12:27 of 1st period - Snap shot by David Pope.
12:27 of 1st period - Stopped by Leland Irving with a rebound.
12:55 of 1st period - Snap shot by Samuel Blais.
12:55 of 1st period - Stopped by Leland Irving with a rebound.
13:23 of 1st period - Brian Ferlin is hit by Devante Smith-Pelly and loses puck.
14:01 of 1st period - Derrick Pouliot is hit by Carl Klingberg and loses puck.
14:12 of 1st period - Tim Crowder is hit by Ryan Culkin and loses puck.
14:37 of 1st period - Chris Terry is hit by David Pope and loses puck.
14:54 of 1st period - Kevin Veilleux is hit by Richard Panik and loses puck.
15:07 of 1st period - Joey Laleggia is hit by Dave Dziurzynski and loses puck.
15:20 of 1st period - Snap shot by Brian Ferlin.
15:20 of 1st period - Shot Blocked by Phillip Danault.
15:40 of 1st period - Morgan Ellis is hit by Nathan Davis and loses puck.
16:03 of 1st period - Off-side.
16:04 of 1st period - Kevin Roy wins face-off versus Cedric Paquette in neutral zone.
16:23 of 1st period - Wrist shot by Tim Crowder.
16:23 of 1st period - Deflect By Cedric Paquette.
16:23 of 1st period - Shot Misses the Net.
16:23 of 1st period - Puck is out of play.
16:24 of 1st period - Andrew Shaw wins face-off versus Seth Griffith in Gangsters zone.
16:27 of 1st period - Wrist shot by Andrew Shaw.
16:27 of 1st period - Stopped by Dustin Tokarski without a rebound.
16:28 of 1st period - Seth Griffith wins face-off versus Carl Klingberg in Gangsters zone.
16:59 of 1st period - Matt Delahey is hit by Ben Thomson and loses puck.
17:21 of 1st period - Backhand shot by Cedric Paquette.
17:21 of 1st period - Shot Misses the Net.
17:23 of 1st period - Slapshot by Maksim Mayorov.
17:23 of 1st period - Stopped by Dustin Tokarski without a rebound.
17:24 of 1st period - Seth Griffith wins face-off versus Nathan Davis in Gangsters zone.
17:34 of 1st period - Snap shot by Carl Klingberg.
17:34 of 1st period - Stopped by Dustin Tokarski with a rebound.
18:13 of 1st period - Cedric Paquette is hit by Stefan Noesen and loses puck.
19:02 of 1st period - Andrew Shaw is hit by Brett Ponich and loses puck.
19:20 of 1st period - Slapshot by Kevin Veilleux.
19:20 of 1st period - Deflect By Brian Ferlin.
19:20 of 1st period - Shot Blocked by Devante Smith-Pelly.
19:20 of 1st period - Puck is out of play.
19:21 of 1st period - Nathan Davis wins face-off versus Seth Griffith in Gangsters zone.
19:22 of 1st period - Snap shot by Andrew Shaw.
19:22 of 1st period - Stopped by Dustin Tokarski with a rebound.
19:24 of 1st period - Snap shot by Andrew Shaw.
19:24 of 1st period - Stopped by Dustin Tokarski without a rebound.
19:25 of 1st period - Nathan Davis wins face-off versus Seth Griffith in Gangsters zone.
19:58 of 1st period - Slapshot by Brian Ferlin.
19:58 of 1st period - Shot Misses the Net.
Goals for this period are 0 for Rafales vs 0 for Gangsters.
Shots for this period are 6 for Rafales vs 11 for Gangsters.
2nd period
0:01 of 2nd period - Seth Griffith wins face-off versus Nathan Davis in neutral zone.
0:14 of 2nd period - Snap shot by Andrew Shaw.
0:14 of 2nd period - Stopped by Dustin Tokarski with a rebound.
0:16 of 2nd period - Snap shot by Andrew Shaw.
0:16 of 2nd period - Shot Misses the Net.
0:22 of 2nd period - Minor Penalty to Seth Griffith for Hooking.
0:23 of 2nd period - Nathan Davis wins face-off versus Richard Panik in Gangsters zone.
0:24 of 2nd period - Snap shot by Carl Klingberg.
0:24 of 2nd period - Stopped by Dustin Tokarski with a rebound.
0:26 of 2nd period - Snap shot by Andrew Shaw.
0:26 of 2nd period - Stopped by Dustin Tokarski with a rebound.
0:28 of 2nd period - Snap shot by Andrew Shaw.
0:28 of 2nd period - Deflect By Nathan Davis.
0:28 of 2nd period - Shot Misses the Net.
0:28 of 2nd period - Puck is out of play.
0:29 of 2nd period - Nathan Davis wins face-off versus Richard Panik in Gangsters zone.
0:36 of 2nd period - Snap shot by Nathan Davis.
0:36 of 2nd period - Stopped by Dustin Tokarski without a rebound.
0:37 of 2nd period - Nathan Davis wins face-off versus Richard Panik in Gangsters zone.
1:06 of 2nd period - Slapshot by Connor Murphy.
1:06 of 2nd period - Deflect By Richard Panik.
1:06 of 2nd period - Stopped by Dustin Tokarski without a rebound.
1:07 of 2nd period - Nathan Davis wins face-off versus Richard Panik in Gangsters zone.
2:20 of 2nd period - Wrist shot by Stefan Noesen.
2:20 of 2nd period - Stopped by Leland Irving with a rebound.
2:22 of 2nd period - Penalty to Seth Griffith is over, Seth Griffith is back on ice.
2:40 of 2nd period - Wrist shot by Stefan Noesen.
2:40 of 2nd period - Shot Misses the Net.
2:42 of 2nd period - Snap shot by Seth Griffith.
2:42 of 2nd period - Shot Misses the Net.
2:44 of 2nd period - Slapshot by Matt Delahey.
2:44 of 2nd period - Stopped by Leland Irving with a rebound.
2:48 of 2nd period - Slapshot by Seth Griffith.
2:48 of 2nd period - Shot Misses the Net.
2:50 of 2nd period - Slapshot by Brett Ponich.
2:50 of 2nd period - Shot Misses the Net.
2:52 of 2nd period - Wrist shot by Stefan Noesen.
2:52 of 2nd period - Goal by Stefan Noesen - Rafales : 0 - Gangsters : 1.
2:53 of 2nd period - Kevin Veilleux wins face-off versus David Pope in neutral zone.
3:00 of 2nd period - Snap shot by Devante Smith-Pelly.
3:00 of 2nd period - Shot Misses the Net.
3:02 of 2nd period - Slapshot by Morgan Ellis.
3:02 of 2nd period - Shot Blocked by Brian Ferlin.
3:04 of 2nd period - Slapshot by Jonas Brodin.
3:04 of 2nd period - Shot Misses the Net.
3:06 of 2nd period - Slapshot by Kevin Roy.
3:06 of 2nd period - Stopped by Leland Irving with a rebound.
3:08 of 2nd period - Slapshot by Morgan Ellis.
3:08 of 2nd period - Stopped by Leland Irving without a rebound.
3:09 of 2nd period - Cedric Paquette wins face-off versus Seth Griffith in Rafales zone.
3:22 of 2nd period - Wrist shot by Richard Panik.
3:22 of 2nd period - Stopped by Leland Irving with a rebound.
3:40 of 2nd period - Snap shot by Kevin Veilleux.
3:40 of 2nd period - Shot Misses the Net.
4:37 of 2nd period - Wrist shot by Richard Panik.
4:37 of 2nd period - Shot Misses the Net.
4:39 of 2nd period - Slapshot by Morgan Ellis.
4:39 of 2nd period - Shot Misses the Net.
4:41 of 2nd period - Snap shot by Seth Griffith.
4:41 of 2nd period - Stopped by Leland Irving with a rebound.
4:43 of 2nd period - Snap shot by Dave Dziurzynski.
4:43 of 2nd period - Stopped by Leland Irving with a rebound.
4:47 of 2nd period - Snap shot by Richard Panik.
4:47 of 2nd period - Shot Misses the Net.
5:21 of 2nd period - Snap shot by Andrew Shaw.
5:21 of 2nd period - Stopped by Dustin Tokarski with a rebound.
5:23 of 2nd period - Slapshot by Carl Klingberg.
5:23 of 2nd period - Shot Misses the Net.
5:25 of 2nd period - Wrist shot by Andrew Shaw.
5:25 of 2nd period - Stopped by Dustin Tokarski with a rebound.
5:39 of 2nd period - Devante Smith-Pelly is hit by Slater Koekkoek and loses puck.
6:31 of 2nd period - Slapshot by Matt Delahey.
6:31 of 2nd period - Shot Blocked by Bruno Gervais.
6:43 of 2nd period - Slapshot by Bruno Gervais.
6:43 of 2nd period - Deflect By Nathan Davis.
6:43 of 2nd period - Stopped by Dustin Tokarski with a rebound.
7:36 of 2nd period - Dylan McIlrath is hit by Phillip Danault and loses puck.
7:50 of 2nd period - Joey Laleggia is hit by Dave Dziurzynski and loses puck.
8:03 of 2nd period - Joey Laleggia is hit by Kevin Roy and loses puck.
8:08 of 2nd period - Wrist shot by Devante Smith-Pelly.
8:08 of 2nd period - Stopped by Leland Irving without a rebound.
8:09 of 2nd period - Nathan Davis wins face-off versus Seth Griffith in Rafales zone.
8:16 of 2nd period - Julian Melchiori is hit by Seth Griffith and loses puck.
8:23 of 2nd period - Ryan Culkin is hit by Carl Klingberg.
9:39 of 2nd period - Slapshot by Matt Delahey.
9:39 of 2nd period - Stopped by Leland Irving with a rebound.
9:41 of 2nd period - Wrist shot by Dave Dziurzynski.
9:41 of 2nd period - Stopped by Leland Irving with a rebound.
9:43 of 2nd period - Slapshot by Dave Dziurzynski.
9:43 of 2nd period - Shot Misses the Net.
9:49 of 2nd period - Wrist shot by Richard Panik.
9:49 of 2nd period - Stopped by Leland Irving with a rebound.
10:33 of 2nd period - Wrist shot by Jonas Brodin.
10:33 of 2nd period - Stopped by Leland Irving with a rebound.
10:35 of 2nd period - Wrist shot by Sebastian Collberg.
10:35 of 2nd period - Stopped by Leland Irving with a rebound.
10:37 of 2nd period - Slapshot by Sebastian Collberg.
10:37 of 2nd period - Shot Misses the Net.
10:51 of 2nd period - Tim Crowder is hit by Phillip Danault and loses puck.
11:08 of 2nd period - Ben Thomson is hit by Dave Dziurzynski and loses puck.
11:23 of 2nd period - Slater Koekkoek is hit by Brett Ponich and loses puck.
11:28 of 2nd period - Snap shot by Sebastian Collberg.
11:28 of 2nd period - Stopped by Leland Irving without a rebound.
11:29 of 2nd period - Nathan Davis wins face-off versus Jake Marchment in Rafales zone.
13:02 of 2nd period - Snap shot by Andrew Shaw.
13:02 of 2nd period - Deflect By Carl Klingberg.
13:02 of 2nd period - Stopped by Dustin Tokarski without a rebound.
13:03 of 2nd period - Kevin Veilleux wins face-off versus Kevin Roy in Gangsters zone.
13:14 of 2nd period - Wrist shot by David Pope.
13:14 of 2nd period - Stopped by Leland Irving with a rebound.
13:16 of 2nd period - Snap shot by Derrick Pouliot.
13:16 of 2nd period - Stopped by Leland Irving with a rebound.
13:18 of 2nd period - Slapshot by Derrick Pouliot.
13:18 of 2nd period - Stopped by Leland Irving with a rebound.
13:30 of 2nd period - Richard Panik is hit by Nathan Davis and loses puck.
13:59 of 2nd period - Adam Lowry is hit by Cedric Paquette and loses puck.
14:10 of 2nd period - Snap shot by Brian Ferlin.
14:10 of 2nd period - Stopped by Dustin Tokarski without a rebound.
14:11 of 2nd period - Kevin Veilleux wins face-off versus Richard Panik in Gangsters zone.
14:12 of 2nd period - Snap shot by Brian Ferlin.
14:12 of 2nd period - Shot Misses the Net.
14:42 of 2nd period - Wrist shot by Tim Crowder.
14:42 of 2nd period - Deflect By Cedric Paquette.
14:42 of 2nd period - Goal by Cedric Paquette - Rafales : 1 - Gangsters : 1.
14:43 of 2nd period - Nathan Davis wins face-off versus Seth Griffith in neutral zone.
14:54 of 2nd period - Connor Murphy is hit by Seth Griffith and loses puck.
15:09 of 2nd period - Devante Smith-Pelly is hit by Brian Ferlin.
15:31 of 2nd period - Slapshot by Jayson Megna.
15:31 of 2nd period - Shot Blocked by Brett Ponich.
15:33 of 2nd period - Slapshot by Joey Laleggia.
15:33 of 2nd period - Shot Misses the Net.
15:55 of 2nd period - Snap shot by Sebastian Collberg.
15:55 of 2nd period - Shot Blocked by Joey Laleggia.
16:30 of 2nd period - Wrist shot by Samuel Blais.
16:30 of 2nd period - Stopped by Leland Irving without a rebound.
16:31 of 2nd period - Seth Griffith wins face-off versus Nathan Davis in Rafales zone.
16:32 of 2nd period - Wrist shot by Richard Panik.
16:32 of 2nd period - Stopped by Leland Irving without a rebound.
16:33 of 2nd period - Nathan Davis wins face-off versus Dave Dziurzynski in Rafales zone.
16:58 of 2nd period - Seth Griffith is hit by Bruno Gervais and loses puck.
17:06 of 2nd period - Minor Penalty to Dylan McIlrath for Tripping.
17:07 of 2nd period - Andrew Shaw wins face-off versus Kevin Roy in Rafales zone.
17:19 of 2nd period - Snap shot by Andrew Shaw.
17:19 of 2nd period - Stopped by Dustin Tokarski with a rebound.
17:39 of 2nd period - Icing by Jonas Brodin.
17:40 of 2nd period - Andrew Shaw wins face-off versus Seth Griffith in Gangsters zone.
19:06 of 2nd period - Penalty to Dylan McIlrath is over, Dylan McIlrath is back on ice.
19:15 of 2nd period - Julian Melchiori is hit by Matt Delahey and loses puck.
19:42 of 2nd period - Wrist shot by Kevin Veilleux.
19:42 of 2nd period - Goal by Kevin Veilleux - Rafales : 2 - Gangsters : 1.
19:43 of 2nd period - Seth Griffith wins face-off versus Nathan Davis in neutral zone.
19:46 of 2nd period - Snap shot by Matt Delahey.
19:46 of 2nd period - Shot Blocked by Connor Murphy.
19:53 of 2nd period - Off-side.
19:54 of 2nd period - Seth Griffith wins face-off versus Nathan Davis in neutral zone.
19:57 of 2nd period - Carl Klingberg is hit by Richard Panik and loses puck.
Goals for this period are 2 for Rafales vs 1 for Gangsters.
Shots for this period are 13 for Rafales vs 20 for Gangsters.
3rd period
0:01 of 3rd period - Seth Griffith wins face-off versus Nathan Davis in neutral zone.
0:26 of 3rd period - Kevin Roy is hit by Brian Ferlin and loses puck.
0:43 of 3rd period - Brett Ponich is hit by Brian Ferlin and loses puck.
1:11 of 3rd period - Slapshot by Matt Delahey.
1:11 of 3rd period - Stopped by Leland Irving with a rebound.
1:21 of 3rd period - Tim Crowder is hit by Kevin Roy and loses puck.
1:26 of 3rd period - Wrist shot by Kevin Roy.
1:26 of 3rd period - Shot Misses the Net.
1:28 of 3rd period - Snap shot by Matt Delahey.
1:28 of 3rd period - Shot Hit the Post.
1:30 of 3rd period - Slapshot by Matt Delahey.
1:30 of 3rd period - Deflect By Kevin Roy.
1:30 of 3rd period - Goal by Kevin Roy - Rafales : 2 - Gangsters : 2.
1:31 of 3rd period - Seth Griffith wins face-off versus Nathan Davis in neutral zone.
1:38 of 3rd period - Slapshot by Dave Dziurzynski.
1:38 of 3rd period - Stopped by Leland Irving with a rebound.
1:45 of 3rd period - Off-side.
1:46 of 3rd period - Adam Lowry wins face-off versus Kevin Veilleux in neutral zone.
2:24 of 3rd period - Snap shot by Tim Crowder.
2:24 of 3rd period - Shot Misses the Net.
2:38 of 3rd period - Ryan Culkin is hit by Dylan McIlrath and loses puck.
3:17 of 3rd period - Snap shot by Jayson Megna.
3:17 of 3rd period - Deflect By Ben Thomson.
3:17 of 3rd period - Shot Blocked by Brett Ponich.
3:17 of 3rd period - Puck is out of play.
3:18 of 3rd period - Jayson Megna wins face-off versus Seth Griffith in Gangsters zone.
3:32 of 3rd period - Snap shot by Richard Panik.
3:32 of 3rd period - Stopped by Leland Irving with a rebound.
3:34 of 3rd period - Snap shot by Seth Griffith.
3:34 of 3rd period - Shot Misses the Net.
3:52 of 3rd period - Snap shot by Andrew Shaw.
3:52 of 3rd period - Deflect By Nathan Davis.
3:52 of 3rd period - Stopped by Dustin Tokarski with a rebound.
3:54 of 3rd period - Wrist shot by Nathan Davis.
3:54 of 3rd period - Stopped by Dustin Tokarski without a rebound.
3:55 of 3rd period - Seth Griffith wins face-off versus Nathan Davis in Gangsters zone.
4:00 of 3rd period - Snap shot by Andrew Shaw.
4:00 of 3rd period - Stopped by Dustin Tokarski without a rebound.
4:01 of 3rd period - Nathan Davis wins face-off versus Seth Griffith in Gangsters zone.
4:10 of 3rd period - Snap shot by Nathan Davis.
4:10 of 3rd period - Shot Blocked by Dave Dziurzynski.
4:12 of 3rd period - Slapshot by Dylan McIlrath.
4:12 of 3rd period - Deflect By Andrew Shaw.
4:12 of 3rd period - Shot Blocked by Matt Delahey.
4:12 of 3rd period - Puck is out of play.
4:13 of 3rd period - Seth Griffith wins face-off versus Nathan Davis in Gangsters zone.
4:15 of 3rd period - Minor Penalty to Brett Ponich for Tripping.
4:16 of 3rd period - Nathan Davis wins face-off versus Richard Panik in Gangsters zone.
5:36 of 3rd period - Devante Smith-Pelly is hit by Dylan McIlrath and loses puck.
5:58 of 3rd period - Slapshot by Matt Delahey.
5:58 of 3rd period - Shot Blocked by Carl Klingberg.
6:15 of 3rd period - Penalty to Brett Ponich is over, Brett Ponich is back on ice.
6:37 of 3rd period - Slapshot by Morgan Ellis.
6:37 of 3rd period - Stopped by Leland Irving without a rebound.
6:38 of 3rd period - Jake Marchment wins face-off versus Cedric Paquette in Rafales zone.
6:43 of 3rd period - Slapshot by Brett Ponich.
6:43 of 3rd period - Stopped by Leland Irving with a rebound.
6:45 of 3rd period - Backhand shot by Matt Delahey.
6:45 of 3rd period - Shot Blocked by Tim Crowder.
6:49 of 3rd period - Slapshot by Sebastian Collberg.
6:49 of 3rd period - Stopped by Leland Irving with a rebound.
7:05 of 3rd period - Brian Ferlin is hit by Richard Panik and loses puck.
7:22 of 3rd period - Snap shot by David Pope.
7:22 of 3rd period - Shot Misses the Net.
7:24 of 3rd period - Slapshot by Kevin Roy.
7:24 of 3rd period - Shot Misses the Net.
7:28 of 3rd period - Snap shot by David Pope.
7:28 of 3rd period - Shot Blocked by Joey Laleggia.
7:30 of 3rd period - Wrist shot by David Pope.
7:30 of 3rd period - Goal by David Pope - Rafales : 2 - Gangsters : 3.
7:31 of 3rd period - Seth Griffith wins face-off versus Carl Klingberg in neutral zone.
8:06 of 3rd period - Minor Penalty to Kevin Roy for Roughing.
8:07 of 3rd period - Nathan Davis wins face-off versus Richard Panik in Gangsters zone.
8:07 of 3rd period - Wrist shot by Carl Klingberg.
8:07 of 3rd period - Shot Hit the Post.
8:19 of 3rd period - Slapshot by Bruno Gervais.
8:19 of 3rd period - Stopped by Dustin Tokarski with a rebound.
8:21 of 3rd period - Snap shot by Bruno Gervais.
8:21 of 3rd period - Stopped by Dustin Tokarski without a rebound.
8:22 of 3rd period - Nathan Davis wins face-off versus Richard Panik in Gangsters zone.
8:25 of 3rd period - Wrist shot by Nathan Davis.
8:25 of 3rd period - Shot Blocked by Matt Delahey.
9:47 of 3rd period - Connor Murphy is hit by Morgan Ellis and loses puck.
10:06 of 3rd period - Penalty to Kevin Roy is over, Kevin Roy is back on ice.
10:12 of 3rd period - Maksim Mayorov is hit by Stefan Noesen and loses puck.
10:29 of 3rd period - Wrist shot by Dave Dziurzynski.
10:29 of 3rd period - Shot Misses the Net.
10:44 of 3rd period - Double Minor Penalty to Maksim Mayorov for Roughing.
10:45 of 3rd period - Andrew Shaw wins face-off versus Seth Griffith in Rafales zone.
13:15 of 3rd period - Connor Murphy is hit by Stefan Noesen and loses puck.
14:44 of 3rd period - Penalty to Maksim Mayorov is over, Maksim Mayorov is back on ice.
15:22 of 3rd period - Wrist shot by Tim Crowder.
15:22 of 3rd period - Shot Blocked by Jonas Brodin.
15:39 of 3rd period - Maksim Mayorov is hit by Devante Smith-Pelly and loses puck.
15:50 of 3rd period - Backhand shot by Devante Smith-Pelly.
15:50 of 3rd period - Stopped by Leland Irving without a rebound.
15:51 of 3rd period - Nathan Davis wins face-off versus Adam Lowry in Rafales zone.
15:51 of 3rd period - Nathan Davis is hit by Derrick Pouliot.
16:07 of 3rd period - Adam Lowry is hit by Carl Klingberg and loses puck.
16:19 of 3rd period - Off-side.
16:20 of 3rd period - Kevin Veilleux wins face-off versus Seth Griffith in neutral zone.
16:22 of 3rd period - Off-side.
16:23 of 3rd period - Seth Griffith wins face-off versus Kevin Veilleux in neutral zone.
16:44 of 3rd period - Snap shot by Richard Panik.
16:44 of 3rd period - Shot Misses the Net.
16:46 of 3rd period - Slapshot by Brett Ponich.
16:46 of 3rd period - Stopped by Leland Irving with a rebound.
17:04 of 3rd period - Snap shot by Seth Griffith.
17:04 of 3rd period - Deflect By Richard Panik.
17:04 of 3rd period - Stopped by Leland Irving with a rebound.
17:06 of 3rd period - Slapshot by Matt Delahey.
17:06 of 3rd period - Deflect By Richard Panik.
17:06 of 3rd period - Shot Blocked by Slater Koekkoek.
17:06 of 3rd period - Puck is out of play.
17:07 of 3rd period - Adam Lowry wins face-off versus Kevin Veilleux in Rafales zone.
17:12 of 3rd period - Snap shot by Phillip Danault.
17:12 of 3rd period - Stopped by Leland Irving without a rebound.
17:13 of 3rd period - Nathan Davis wins face-off versus Adam Lowry in Rafales zone.
17:15 of 3rd period - Minor Penalty to Nathan Davis for Hooking.
17:16 of 3rd period - Seth Griffith wins face-off versus Andrew Shaw in Rafales zone.
17:50 of 3rd period - Wrist shot by Devante Smith-Pelly.
17:50 of 3rd period - Stopped by Leland Irving without a rebound.
17:51 of 3rd period - Brad Ross wins face-off versus Seth Griffith in Rafales zone.
17:51 of 3rd period - Brad Ross is hit by Richard Panik.
19:15 of 3rd period - Penalty to Nathan Davis is over, Nathan Davis is back on ice.
19:25 of 3rd period - Slater Koekkoek is hit by Phillip Danault and loses puck.
19:50 of 3rd period - Wrist shot by Richard Panik.
19:50 of 3rd period - Stopped by Leland Irving with a rebound.
19:54 of 3rd period - Wrist shot by Richard Panik.
19:54 of 3rd period - Stopped by Leland Irving with a rebound.
19:56 of 3rd period - Wrist shot by Richard Panik.
19:56 of 3rd period - Shot Blocked by Slater Koekkoek.
19:58 of 3rd period - Snap shot by Richard Panik.
19:58 of 3rd period - Stopped by Leland Irving with a rebound.
Goals for this period are 0 for Rafales vs 2 for Gangsters.
Shots for this period are 5 for Rafales vs 16 for Gangsters.
Back to the Top